 Dungeon Crawl Stone Soup version 0.27-a0-1308-gc08437e49b (webtiles) character file.

Game seed: 17545153275238246544

126 mordus the Slasher (level 5, -1/41 HPs)
             Began as a Formicid Abyssal Knight on June 18, 2021.
             Was a Follower of Lugonu.
             Killed from afar by Natasha (6 damage)
             ... with a magic dart
             ... on level 3 of the Dungeon.
             The game lasted 00:03:34 (1451 turns).

mordus the Slasher (Formicid Abyssal Knight)        Turns: 1451, Time: 00:03:35

Health: -1/41      AC:  5    Str: 17    XL:     5   Next: 31%
Magic:  7/7        EV: 10    Int: 12    God:    Lugonu [*.....]
Gold:   54         SH:  0    Dex: 10    Spells: 4/4 levels left

rFire    . . .     SeeInvis +   a - +1 falchion
rCold    . . .     Faith    .   (no shield)
rNeg     . . .     Spirit   .   c - +0 ring mail
rPois    .         Reflect  .   (helmet unavailable)
rElec    .         Harm     .   (no cloak)
rCorr    .         Rampage  .   (no gloves)
Will     .....                  (no boots)
Stlth    ..........             (no amulet)
HPRegen  0.13/turn              (no ring)
MPRegen  0.10/turn              (no ring)

@: no status effects
A: permanent stasis, dig shafts and tunnels, antennae 3, four strong arms
a: Dig, Shaft Self, Renounce Religion, Depart the Abyss


You were on level 3 of the Dungeon.
You worshipped Lugonu.
Lugonu was aware of your devotion.
You visited 1 branch of the dungeon, and saw 3 of its levels.
You visited the Abyss 1 time.

You collected 54 gold pieces.

Inventory:

Hand Weapons
 a - a +1 falchion (weapon)
Armour
 b - a +0 leather armour
 c - a +0 ring mail (worn)
Scrolls
 d - a scroll of noise {unknown}
 e - a scroll of torment {unknown}
 f - a scroll of immolation {unknown}


   Skills:
 - Level 3.2 Fighting
 * Level 3.9 Long Blades
 + Level 3.3 Armour
 - Level 0.8 Dodging
 + Level 3.5 Invocations


You had 4 spell levels left.
You didn't know any spells.
Your spell library was empty.

Dungeon Overview and Level Annotations

Branches:
Dungeon (2/15)

Altars:

Annotations:
D:3 Natasha


Innate Abilities, Weirdness & Mutations

You cannot be hasted, slowed, berserked, paralysed or teleported.
You can dig through walls and to a lower floor.
You have a pair of large antennae on your head. (SInv)
Your four strong arms can wield two-handed weapons with a shield.


Message History

You barely miss Natasha. Natasha completely misses you.
Natasha claws you but does no damage.
You hit Natasha.
Natasha is moderately wounded.
Natasha claws you!
You are too injured to fight recklessly!
You are too injured to fight recklessly!
You closely miss Natasha.
Natasha is moderately wounded.
Natasha casts a spell at you. The magic dart hits you!
* * * LOW HITPOINT WARNING * * *
You hit Natasha.
Natasha is heavily wounded.
Natasha claws you but does no damage.
You closely miss Natasha.
Natasha is heavily wounded.
Natasha claws you.
* * * LOW HITPOINT WARNING * * *
You closely miss Natasha.
Natasha is heavily wounded.
Natasha mumbles some strange words.
You barely miss Natasha.
Natasha is heavily wounded.
Natasha claws you.
* * * LOW HITPOINT WARNING * * *
You closely miss Natasha.
Natasha is heavily wounded.
Natasha barely misses you.
The crimson imp hits you but does no damage.
Natasha mumbles some strange words.
Natasha's front paws start to glow.
Natasha closely misses you.
Things that are here:
a +0 mace; an orc corpse
Items here: ))) [ †.
The crimson imp blinks!
Natasha stares at you and mumbles some strange words.
The magic dart hits you.
You die...

{ { ##♣#♣#♣#♣## #
###...@...h.##.####
#...♣#♣#♣#♣)>.....#
##≈ ####..#
#........# #≈≈ ##.#
#........# #≈≈≈≈ #.#
#........#
.≈≈≈≈≈≈≈≈##
#.####..#######
.≈.≈≈≈≈≈..###......##
≈≈≈≈≈≈≈≈#.#..........
≈≈≈≈.≈..#..†###......


You could see Natasha.

Vanquished Creatures
  Jessica (D:2)
  An orc wizard (D:3)
  Natasha (D:3)
  A worm (D:2)
  2 orcs (D:3)
  3 endoplasms (D:1)
  2 goblins (D:1)
  5 hobgoblins (D:1)
  4 jackals (D:1)
  3 quokkas
  5 ball pythons
  3 bats (D:1)
  3 frilled lizards (D:1)
  5 kobolds
  4 rats
43 creatures vanquished.

Vanquished Creatures (others)
  5 plants (D:3)
5 creatures vanquished.

Grand Total: 48 creatures vanquished

Notes
Turn   | Place    | Note
-------+----------+-------------------------------------------
     0 | Abyss:1  | mordus the Formicid Abyssal Knight began the quest for the
                  | Orb.
     0 | Abyss:1  | Reached XP level 1. HP: 18/18 MP: 2/2
    71 | Abyss:1  | Noticed a titan zombie
    93 | Abyss:1  | Noticed an Executioner
   103 | Abyss:1  | Noticed an ancient zyme
   104 | Abyss:1  | Noticed a bone dragon
   105 | D:1      | Escaped the Abyss
   223 | D:1      | Reached * piety under Lugonu
   224 | D:1      | Reached XP level 2. HP: 22/24 MP: 3/3
   595 | D:1      | Reached XP level 3. HP: 29/29 MP: 3/5
  1020 | D:2      | Noticed Jessica
  1035 | D:2      | Killed Jessica
  1036 | D:2      | Reached XP level 4. HP: 25/35 MP: 6/6
  1047 | D:2      | You fall into a shaft and drop 1 floor!
  1231 | D:3      | Noticed Natasha
  1242 | D:3      | Killed Natasha
  1379 | D:3      | Reached XP level 5. HP: 29/41 MP: 7/7
  1432 | D:3      | Noticed Natasha
  1451 | D:3      | Killed from afar by Natasha

Illustrated notes

Levels and vault maps discovered:
D:1:      psy_arrival_heroes, layout_basic
D:2:      layout_basic, hangedman_abyss_or_decor_lesser_grid, kennysheep_path_1,
          uniq_jessica
D:3:      layout_rooms, grunt_temple_overflow_champion_of_chaos,
          amcnicky_altar_gilded, serial_forest, infiniplex_forest_straight_5,
          infiniplex_forest_lined_2, infiniplex_forest_end_1,
          infiniplex_forest_lined_room_2, infiniplex_forest_clump_diagonal,
          infiniplex_forest_3_way, minivault_4, chequers_serial_rivers_large_a,
          uniq_natasha

Skill      XL: |  1  2  3 |
---------------+----------+-----
Long Blades    | 3 |  3.9
Armour         | 3 |  3.3
Invocations    | 3 |  3.5
Fighting       | |  3.2
Dodging        | |  0.8

Action                   |  1- 3 |  4- 6 || total
-------------------------+-------+-------++-------
Melee: Falchion          |    82 |    47 ||   129
Invok: Depart the Abyss  |     1 |       ||     1
Armor: Leather armour    |     5 |       ||     5
       Ring mail         |    31 |    11 ||    42
Dodge: Dodged            |    53 |    17 ||    70
       Rpst.: Falchion   |    19 |     3 ||    22

Table legend: (Time is in decaauts)
 A = Elapsed time spent in this place.
 B = Non-inter-level travel time spent in this place.
 C = Inter-level travel time spent in this place.
 D = Time resting spent in this place.
 E = Time spent auto-exploring this place.
 F = Levels seen in this place.
 G = Mean time per level.
                   A        B        C        D        E       F      G
               +--------+--------+--------+--------+--------+-----+--------+
         Total |   1469 |   1435 |     34 |    291 |    781 |   4 |  367.2 |
       Dungeon |   1364 |   1330 |     34 |    291 |    719 |   3 |  454.7 |
         Abyss |    105 |    105 |      0 |      0 |     62 |   1 |  105.0 |
               +--------+--------+--------+--------+--------+-----+--------+

Top non-repeatable levels by time:
     D:1: 923 daAuts
     D:3: 408 daAuts
 Abyss:1: 105 daAuts
     D:2: 32 daAuts
